| TOP OF THE 1ST |
|
Boston Red Sox batting - Pitching for New York Yankees : RHP John Brice
|
|
Pitching: RHP John Brice
|
|
|
Batting: LHB Shoichi Aso
|
0-0: Ball 1-0: Called Strike 1-1: Called Strike 1-2: Ball 2-2: SOLO HOME RUN (Flyball, 78XD, EV 107.5 MPH), Distance : 404 ft
|
|
Batting: RHB Nick Esteves
|
0-0: Ball 1-0: Fly out, F8 (Flyball, 89XD, EV 90.0 MPH)
|
|
Batting: LHB Kevin McCormic Jr.
|
0-0: Ball 1-0: Swinging Strike 1-1: Foul Ball, location: 2F 1-2: Strikes out swinging
|
|
Batting: RHB David Price Jr.
|
0-0: Ball 1-0: Foul Ball, location: 2F 1-1: Foul Ball, location: 2F 1-2: Foul Ball, location: 2F 1-2: DOUBLE (Groundball, 5L, EV 97.5 MPH)
|
|
Batting: LHB Jarrett Mordecai
|
0-0: Ball 1-0: Ball 2-0: Called Strike 2-1: Called Strike 2-2: Ball 3-2: Ground out 4-3 (Groundball, 34, EV 88.1 MPH)
|
| Top of the 1st over - 1 run, 2 hits, 0 errors, 1 left on base; Boston 1 - New York 0 |
| BOTTOM OF THE 1ST |
|
New York Yankees batting - Pitching for Boston Red Sox : LHP Momosuke Sato
|
|
Pitching: LHP Momosuke Sato
|
|
|
Batting: RHB Russ Shambaugh
|
0-0: Called Strike 0-1: Foul Ball, location: 2F 0-2: Ground out U3 (Groundball, 34, EV 103.8 MPH)
|
|
Batting: LHB Jordan de Jesus
|
0-0: Ball 1-0: Ball 2-0: Ball 3-0: Called Strike 3-1: Called Strike 3-2: Foul Ball, location: 2F 3-2: Base on Balls
|
|
Batting: RHB Adriaan Pieters
|
0-0: Ball Jordan de Jesus steals 2nd base (no throw) 1-0: Foul Ball, location: 2F 1-1: SINGLE (Line Drive, 4MD, EV 100.0 MPH) Jordan de Jesus to third
|
|
Batting: RHB Shiro Suehiro
|
0-0: Swinging Strike 0-1: Ball 1-1: Foul Ball, location: 2F 1-2: Foul Ball, location: 2F 1-2: Ball 2-2: Foul Ball, location: 2F 2-2: Grounds into double play, 3-6-3 (Groundball, 3, EV 86.2 MPH)
|
| Bottom of the 1st over - 0 runs, 1 hit, 0 errors, 1 left on base; Boston 1 - New York 0 |
| TOP OF THE 2ND |
|
Boston Red Sox batting - Pitching for New York Yankees : RHP John Brice
|
|
Batting: RHB Josh Froyd
|
0-0: Foul Ball, location: 2F 0-1: Ball 1-1: Foul Ball, location: 2F 1-2: Ball 2-2: Strikes out swinging, 2-3 out at first.
|
|
Batting: LHB Zack Guillen
|
0-0: Swinging Strike 0-1: Called Strike 0-2: Fly out, F5 (Popup, 56, EV 64.4 MPH)
|
|
Batting: SHB Greg Shaw
|
0-0: Foul Ball, location: 2F 0-1: Ball 1-1: Fly out, F7 (Flyball, 7S, EV 80.0 MPH)
|
| Top of the 2nd over - 0 runs, 0 hits, 0 errors, 0 left on base; Boston 1 - New York 0 |
| BOTTOM OF THE 2ND |
|
New York Yankees batting - Pitching for Boston Red Sox : LHP Momosuke Sato
|
|
Batting: LHB Jim Skare
|
0-0: Ball 1-0: SINGLE (Flyball, 89S, EV 90.0 MPH)
|
|
Batting: RHB Jose Tovar
|
0-0: Foul Ball, location: 2F 0-1: Fly out, F8 (Line Drive, 8RD, EV 102.5 MPH)
|
|
Batting: RHB Henri Cederberg
|
0-0: Ball 1-0: Ball 2-0: Called Strike 2-1: TRIPLE (Line Drive, 89XD, EV 101.9 MPH) Jim Skare scores
|
|
Batting: RHB Mike Gifford
|
0-0: Swinging Strike 0-1: Foul Ball, location: 2F 0-2: Strikes out looking
|
|
Batting: LHB Joel Vera
|
0-0: Ball 1-0: Ball 2-0: SINGLE (Groundball, 34D, EV 96.9 MPH) Henri Cederberg scores
|
|
Batting: RHB Russ Shambaugh
|
0-0: Called Strike 0-1: Called Strike 0-2: Ball 1-2: Ball 2-2: Foul Ball, location: 2F 2-2: Fielders Choice at 2nd, 5-4 (Groundball, 5, EV 86.2 MPH)
|
| Bottom of the 2nd over - 2 runs, 3 hits, 0 errors, 1 left on base; Boston 1 - New York 2 |
| TOP OF THE 3RD |
|
Boston Red Sox batting - Pitching for New York Yankees : RHP John Brice
|
|
Batting: LHB Tim Fuller
|
0-0: Ball 1-0: Fly out, F7 (Flyball, 7, EV 90.6 MPH)
|
|
Batting: LHB Shoichi Aso
|
0-0: Swinging Strike 0-1: Called Strike 0-2: Strikes out swinging
|
|
Batting: RHB Nick Esteves
|
0-0: Swinging Strike 0-1: Ball 1-1: Ball 2-1: Swinging Strike 2-2: Ball 3-2: Fly out, F8 (Flyball, 8LM, EV 85.6 MPH)
|
| Top of the 3rd over - 0 runs, 0 hits, 0 errors, 0 left on base; Boston 1 - New York 2 |
| BOTTOM OF THE 3RD |
|
New York Yankees batting - Pitching for Boston Red Sox : LHP Momosuke Sato
|
|
Batting: LHB Jordan de Jesus
|
0-0: Ball 1-0: Fly out, F8 (Flyball, 78S, EV 74.4 MPH)
|
|
Batting: RHB Adriaan Pieters
|
0-0: SOLO HOME RUN (Flyball, 8RXD, EV 110.0 MPH), Distance : 414 ft
|
|
Batting: RHB Shiro Suehiro
|
0-0: Called Strike 0-1: Ball 1-1: Ball 2-1: Ball 3-1: Swinging Strike 3-2: Base on Balls
|
|
Batting: LHB Jim Skare
|
0-0: Ball 1-0: Ball 2-0: Called Strike 2-1: Swinging Strike 2-2: Foul Ball, location: 2F 2-2: Strikes out looking
|
|
Batting: RHB Jose Tovar
|
0-0: Called Strike 0-1: Called Strike 0-2: Ball 1-2: SINGLE (Line Drive, 78S, EV 99.4 MPH) Shiro Suehiro to second
|
|
Batting: RHB Henri Cederberg
|
0-0: Ball 1-0: 3-RUN HOME RUN (Flyball, 7D, EV 94.4 MPH), Distance : 375 ft
|
|
Pitching: RHP Roberto Morales
|
|
|
Batting: RHB Mike Gifford
|
0-0: Called Strike 0-1: Foul Ball, location: 2F 0-2: Ball 1-2: Fly out, F7 (Flyball, 7LM, EV 73.8 MPH)
|
| Bottom of the 3rd over - 4 runs, 3 hits, 0 errors, 0 left on base; Boston 1 - New York 6 |
| TOP OF THE 4TH |
|
Boston Red Sox batting - Pitching for New York Yankees : RHP John Brice
|
|
Batting: LHB Kevin McCormic Jr.
|
0-0: Ball 1-0: Fly out, F5 (Line Drive, 5L, EV 73.8 MPH)
|
|
Batting: RHB David Price Jr.
|
0-0: Ball 1-0: Ball 2-0: Ball 3-0: Base on Balls
|
|
Batting: LHB Jarrett Mordecai
|
0-0: Called Strike 0-1: Foul Ball, location: 2F 0-2: Ball 1-2: Foul Ball, location: 2F 1-2: Ball 2-2: Ball 3-2: Strikes out looking
|
|
Batting: RHB Josh Froyd
|
0-0: Ball 1-0: Swinging Strike 1-1: Ball 2-1: SINGLE (Groundball, 4MD, EV 110.6 MPH) David Price Jr. to second Runner from 2nd tries for 3rd, SAFE, throw by CF made at trailing runner, OUT! 8-6
|
| Top of the 4th over - 0 runs, 1 hit, 0 errors, 1 left on base; Boston 1 - New York 6 |
| BOTTOM OF THE 4TH |
|
New York Yankees batting - Pitching for Boston Red Sox : RHP Roberto Morales
|
|
Batting: LHB Joel Vera
|
0-0: Called Strike 0-1: Ball 1-1: Fly out, F8 (Line Drive, 8LD, EV 106.9 MPH)
|
|
Batting: RHB Russ Shambaugh
|
0-0: Ball 1-0: Ball 2-0: Called Strike 2-1: Foul Ball, location: 2F 2-2: Foul Ball, location: 2F 2-2: Foul Ball, location: 2F 2-2: Foul Ball, location: 2F 2-2: Ball 3-2: Strikes out swinging
|
|
Batting: LHB Jordan de Jesus
|
0-0: Called Strike 0-1: Called Strike 0-2: Ball 1-2: Strikes out swinging
|
| Bottom of the 4th over - 0 runs, 0 hits, 0 errors, 0 left on base; Boston 1 - New York 6 |
| TOP OF THE 5TH |
|
Boston Red Sox batting - Pitching for New York Yankees : RHP John Brice
|
|
Batting: LHB Zack Guillen
|
0-0: Foul Ball, location: 2F 0-1: Ground out 6-3 (Groundball, 6, EV 82.5 MPH)
|
|
Batting: SHB Greg Shaw
|
0-0: Called Strike 0-1: Foul Ball, location: 2F 0-2: Ball 1-2: Ball 2-2: Strikes out swinging
|
|
Batting: LHB Tim Fuller
|
0-0: Ball 1-0: Called Strike 1-1: Ground out 6-3 (Groundball, 6, EV 87.5 MPH)
|
| Top of the 5th over - 0 runs, 0 hits, 0 errors, 0 left on base; Boston 1 - New York 6 |
| BOTTOM OF THE 5TH |
|
New York Yankees batting - Pitching for Boston Red Sox : RHP Roberto Morales
|
|
Batting: RHB Adriaan Pieters
|
0-0: Ball 1-0: Swinging Strike 1-1: Foul Ball, location: 2F 1-2: SINGLE (Line Drive, 3D, EV 93.8 MPH)
|
|
Batting: RHB Shiro Suehiro
|
0-0: Ball 1-0: Called Strike 1-1: Swinging Strike 1-2: Foul Ball, location: 2F 1-2: Ball 2-2: Ball 3-2: Foul Ball, location: 2F 3-2: Strikes out swinging
|
|
Batting: LHB Jim Skare
|
0-0: Foul Ball, location: 2F 0-1: Foul Ball, location: 2F 0-2: Ball 1-2: Strikes out looking
|
|
Batting: RHB Jose Tovar
|
0-0: Swinging Strike 0-1: Ball 1-1: Foul Ball, location: 2F 1-2: Strikes out looking
|
| Bottom of the 5th over - 0 runs, 1 hit, 0 errors, 1 left on base; Boston 1 - New York 6 |
| TOP OF THE 6TH |
|
Boston Red Sox batting - Pitching for New York Yankees : RHP John Brice
|
|
Batting: LHB Shoichi Aso
|
0-0: Ball 1-0: Ball 2-0: Swinging Strike 2-1: Ball 3-1: Called Strike 3-2: Ground out 5-3 (Groundball, 5, EV 81.9 MPH)
|
|
Batting: RHB Nick Esteves
|
0-0: Ball 1-0: Called Strike 1-1: SINGLE (Groundball, 25, EV 70.6 MPH) (infield hit)
|
|
Batting: LHB Kevin McCormic Jr.
|
0-0: Ball 1-0: Swinging Strike 1-1: Foul Ball, location: 2F 1-2: Ball 2-2: Foul Ball, location: 2F 2-2: Strikes out swinging
|
|
Batting: RHB David Price Jr.
|
0-0: Foul Ball, location: 2F 0-1: Ball 1-1: Fly out, F9 (Flyball, 9LS, EV 88.1 MPH)
|
| Top of the 6th over - 0 runs, 1 hit, 0 errors, 1 left on base; Boston 1 - New York 6 |
| BOTTOM OF THE 6TH |
|
New York Yankees batting - Pitching for Boston Red Sox : RHP Roberto Morales
|
|
Batting: RHB Henri Cederberg
|
0-0: Foul Ball, location: 2F 0-1: Fly out, F6 (Popup, 6M, EV 78.8 MPH)
|
|
Batting: RHB Mike Gifford
|
0-0: Ball 1-0: Ball 2-0: Ball 3-0: Base on Balls
|
|
Pitching: LHP Adam Schneidewind
|
|
|
Batting: LHB Joel Vera
|
0-0: Foul Ball, location: 2F 0-1: Ball 1-1: Foul Ball, location: 2F 1-2: Ball 2-2: DOUBLE (Line Drive, 78D, EV 101.2 MPH) Mike Gifford to third
|
|
Batting: RHB Russ Shambaugh
|
0-0: Foul Ball, location: 2F 0-1: Ball 1-1: Ball 2-1: Swinging Strike 2-2: Strikes out swinging
|
|
Batting: LHB Jordan de Jesus
|
0-0: Ball 1-0: Ball 2-0: Called Strike 2-1: Swinging Strike 2-2: SINGLE (Line Drive, 34D, EV 104.4 MPH) Mike Gifford scores Joel Vera to third Runner from 3rd tries for Home, SAFE, throw by RF to home
|
|
Batting: RHB Adriaan Pieters
|
0-0: Ball 1-0: Ground out U3 (Groundball, 34, EV 87.5 MPH)
|
| Bottom of the 6th over - 2 runs, 2 hits, 0 errors, 1 left on base; Boston 1 - New York 8 |
| TOP OF THE 7TH |
|
Boston Red Sox batting - Pitching for New York Yankees : RHP John Brice
|
|
Batting: LHB Jarrett Mordecai
|
0-0: Ball 1-0: Ball 2-0: Called Strike 2-1: Ball 3-1: Foul Ball, location: 2F 3-2: Foul Ball, location: 2F 3-2: Ground out 4-3 (Groundball, 34D, EV 78.8 MPH)
|
|
Batting: RHB Josh Froyd
|
0-0: Called Strike 0-1: Ball 1-1: Swinging Strike 1-2: Ball 2-2: Ground out 1-3 (Groundball, 15S, EV 68.8 MPH)
|
|
Batting: LHB Zack Guillen
|
0-0: Ball 1-0: Ball 2-0: Ball 3-0: Called Strike 3-1: Foul Ball, location: 2F 3-2: Foul Ball, location: 2F 3-2: Foul Ball, location: 2F 3-2: Strikes out swinging
|
| Top of the 7th over - 0 runs, 0 hits, 0 errors, 0 left on base; Boston 1 - New York 8 |
| BOTTOM OF THE 7TH |
|
New York Yankees batting - Pitching for Boston Red Sox : LHP Adam Schneidewind
|
|
Batting: RHB Shiro Suehiro
|
0-0: Foul Ball, location: 2F 0-1: SINGLE (Groundball, 4MD, EV 105.0 MPH)
|
|
Pitching: LHP Danny Schneible
|
|
|
Batting: LHB Jim Skare
|
0-0: Ball 1-0: Foul Ball, location: 2F 1-1: Ball 2-1: Grounds into double play, 5-4-3 (Groundball, 5, EV 80.0 MPH)
|
|
Batting: RHB Jose Tovar
|
0-0: Called Strike 0-1: Foul Ball, location: 2F 0-2: SINGLE (Groundball, 5D, EV 101.2 MPH)
|
|
Batting: RHB Henri Cederberg
|
0-0: Ball 1-0: Called Strike 1-1: Fly out, F9 (Flyball, 89S, EV 87.5 MPH)
|
| Bottom of the 7th over - 0 runs, 2 hits, 0 errors, 1 left on base; Boston 1 - New York 8 |
| TOP OF THE 8TH |
|
Boston Red Sox batting - Pitching for New York Yankees : RHP John Brice
|
|
Pitching: RHP Bret Davies
|
|
|
Batting: SHB Greg Shaw
|
0-0: SINGLE (Line Drive, 34D, EV 96.2 MPH)
|
|
Batting: LHB Tim Fuller
|
0-0: Called Strike 0-1: Foul Ball, location: 2F 0-2: Foul Ball, location: 2F 0-2: Ball 1-2: Ball 2-2: Ball 3-2: Foul Ball, location: 2F 3-2: Strikes out swinging
|
|
Pinch Hitting: RHB Jose Diaz
|
0-0: Called Strike 0-1: Called Strike 0-2: Ball 1-2: Foul Ball, location: 2F 1-2: Ball 2-2: Ball 3-2: Fly out, F6 (Line Drive, 6, EV 66.2 MPH)
|
|
Batting: RHB Nick Esteves
|
0-0: Ball 1-0: Foul Ball, location: 2F 1-1: Foul Ball, location: 2F 1-2: Ball 2-2: Foul Ball, location: 2F 2-2: Ball 3-2: Fly out, F8 (Flyball, 8RXD, EV 97.5 MPH)
|
| Top of the 8th over - 0 runs, 1 hit, 0 errors, 1 left on base; Boston 1 - New York 8 |
| BOTTOM OF THE 8TH |
|
New York Yankees batting - Pitching for Boston Red Sox : LHP Danny Schneible
|
|
Now in RF: Jose Diaz
|
|
|
Batting: RHB Mike Gifford
|
0-0: Swinging Strike 0-1: Ball 1-1: Ball 2-1: Foul Ball, location: 2F 2-2: Foul Ball, location: 2F 2-2: Ball 3-2: Foul Ball, location: 2F 3-2: Foul Ball, location: 2F 3-2: Base on Balls
|
|
Batting: LHB Joel Vera
|
0-0: DOUBLE (Line Drive, 89D, EV 107.5 MPH) Mike Gifford to third
|
|
Batting: RHB Russ Shambaugh
|
0-0: Foul Ball, location: 2F 0-1: Swinging Strike 0-2: Ball 1-2: Ball 2-2: Ground out 4-3 (Groundball, 4M, EV 97.5 MPH) Mike Gifford scores Joel Vera to third
|
|
Pitching: RHP Jon Mercado
|
|
|
Batting: LHB Jordan de Jesus
|
0-0: Ground out U3 (Groundball, 3L, EV 80.0 MPH)
|
|
Pinch Hitting: SHB Victor Ruiz
|
0-0: Foul Ball, location: 2F 0-1: Ball 1-1: Ball 2-1: Foul Ball, location: 2F 2-2: Fly out, F9 (Line Drive, 9, EV 88.1 MPH)
|
| Bottom of the 8th over - 1 run, 1 hit, 0 errors, 1 left on base; Boston 1 - New York 9 |
| TOP OF THE 9TH |
|
Boston Red Sox batting - Pitching for New York Yankees : RHP Bret Davies
|
|
Now in RF: Victor Ruiz
|
|
|
Batting: LHB Kevin McCormic Jr.
|
0-0: Ball 1-0: Ball 2-0: Called Strike 2-1: Swinging Strike 2-2: SINGLE (Line Drive, 8LS, EV 101.2 MPH)
|
|
Pitching: RHP Chris McCoy
|
|
|
Batting: RHB David Price Jr.
|
0-0: Foul Ball, location: 2F 0-1: Called Strike 0-2: Ball 1-2: Foul Ball, location: 2F 1-2: Strikes out swinging
|
|
Batting: LHB Jarrett Mordecai
|
0-0: Ball 1-0: Ball 2-0: Ball 3-0: Called Strike 3-1: Base on Balls Kevin McCormic Jr. to second
|
|
Batting: RHB Josh Froyd
|
0-0: Foul Ball, location: 2F 0-1: Fielders Choice at 2nd, 3-6 (Groundball, 34S, EV 78.8 MPH) Kevin McCormic Jr. to third
|
|
Batting: LHB Zack Guillen
|
0-0: Fly out, F4 (Line Drive, 4, EV 68.1 MPH)
|
| Top of the 9th over - 0 runs, 1 hit, 0 errors, 2 left on base; Boston 1 - New York 9 |
|